 Dungeon Crawl Stone Soup version 0.31-a0-1612-g4aaf141004 (webtiles) character file.

Game seed: 6742019996604148439

334 MisterAzrael the Ruffian (level 6, -12/47 HPs)
             Began as a Gnoll Shapeshifter on Jan 10, 2024.
             Was a Believer of Makhleb.
             Mangled by a gnoll
             ... wielding a +0 halberd
              (13 damage)
             ... on level 4 of the Dungeon.
             The game lasted 00:03:25 (2017 turns).

MisterAzrael the Ruffian (Gnoll Shapeshifter)       Turns: 2017, Time: 00:03:26

Health: -12/47     AC:  6    Str: 15    XL:     6   Next: 53%
Magic:  9/9        EV: 13    Int: 10    God:    Makhleb [**....]
Gold:   224        SH:  0    Dex: 11    Spells: 9/9 levels left

rFire   . .          .
                       - Unarmed
rCold   . . .        (no shield)
rNeg    . . .        a - +0 animal skin
rPois   .            (helmet currently unavailable)
rElec   .            (cloak currently unavailable)
rCorr   .            (gloves currently unavailable)
SInv    +            (boots currently unavailable)
Will    .....        (no amulet)
Stlth   ++           i - ring of see invisible
HPRegen 0.27/turn    k - +4 ring of protection
MPRegen 0.11/turn

%: no passive effects
@: beast-form
A: beast (slay +3), fangs 1, strong nose, distributed training
a: Begin Untransformation, Renounce Religion, Minor Destruction


You were on level 4 of the Dungeon.
You worshipped Makhleb.
Makhleb was pleased with you.
You were a hulking beast.
You visited 1 branch of the dungeon, and saw 4 of its levels.

You collected 224 gold pieces.

Inventory:

Armour
 a - a +0 animal skin (worn)
Jewellery
 i - a ring of see invisible (left hand)
 k - a +4 ring of protection (right hand)
Talismans
 c - a beast talisman
 d - a flux talisman
Scrolls
 g - a scroll of identify
 m - a scroll of blinking {unknown}
Potions
 b - 2 potions of lignification
 e - 4 potions of heal wounds
 f - 3 potions of might {unknown}
 h - 2 potions of resistance {unknown}
 j - a potion of degeneration {unknown}
 l - a potion of curing {unknown}
 n - a potion of enlightenment {unknown}
 o - a potion of mutation {unknown}


   Skills:
 + Level 3.3 Fighting
 + Level 2.1 Short Blades
 + Level 2.1 Long Blades
 + Level 2.1 Axes
 + Level 2.1 Maces & Flails
 + Level 2.1 Polearms
 + Level 2.1 Staves
 + Level 2.1 Ranged Weapons
 + Level 2.1 Throwing
 + Level 2.1 Armour
 + Level 5.0 Dodging
 + Level 2.1 Stealth
 + Level 2.1 Shields
 + Level 6.9 Unarmed Combat
 + Level 2.1 Spellcasting
 + Level 1.6 Conjurations
 + Level 1.6 Hexes
 + Level 1.6 Summonings
 + Level 1.6 Necromancy
 + Level 1.6 Translocations
 + Level 1.6 Fire Magic
 + Level 1.6 Ice Magic
 + Level 1.6 Air Magic
 + Level 1.6 Earth Magic
 + Level 1.6 Alchemy
 + Level 2.3 Invocations
 + Level 2.1 Evocations
 + Level 6.8 Shapeshifting


You had 9 spell levels left.
You didn't know any spells.
Your spell library contained the following spells:

 Spells                   Type           Power      Damage    Failure   Level
 Apportation              Tloc           8%         N/A       16%         1
 Magic Dart               Conj           16%        1d3       16%         1
 Necrotise                Necr           16%        1d4       16%         1
 Sting                    Conj/Alch      16%        1d4       16%         1
 Summon Small Mammal      Summ           16%        N/A       16%         1
 Blink                    Tloc           8%         N/A       24%         2
 Call Imp                 Summ           8%         N/A       24%         2


Dungeon Overview and Level Annotations

Branches:
Dungeon (4/15)
 Temple: D:4-7

Altars:
Makhleb
Trog
Uskayaw
Xom
Zin

Shops:
D:3 *

Annotations:
D:3 3 runed translucent doors, DeathSocks's ghost, amateur GrFi
D:4 3 runed translucent doors, bmb222's ghost, amateur DsFi


Innate Abilities, Weirdness & Mutations

You are a hulking beast.
Your limbs bulge with bestial killing power. (Slay +3)
You have very sharp teeth.
Your uncanny sense of smell can sniff out nearby items.
Your experience applies equally to all skills.


Message History

The gnoll attacks as it pursues you! The gnoll barely misses you.
The gnoll attacks as it pursues you! The gnoll misses you.
The gnoll attacks as it pursues you!
The gnoll hits you from afar with a +0 spear.
Items here: ))) [[ †.
Aiming: Minor Destruction (9% risk of failure)
Press: ? - help, Q - select action Shift-Dir - straight line, f/p - gnoll
Aim: a gnoll, wielding a +0 club (almost dead)
The zap hits the gnoll.
You kill the gnoll!
Makhleb accepts your kill.
The zap hits the gnoll.
The gnoll is moderately wounded.
The zap hits the gnoll.
The gnoll is lightly wounded.
You hit the gnoll. Your punch misses the gnoll.
The gnoll is heavily wounded.
The gnoll barely misses you. The gnoll misses you.
The gnoll hits you but does no damage.
The gnoll hits you from afar with a +0 halberd!
Items here: )))) [[ †.
You punch the gnoll! Your bite misses the gnoll.
The gnoll is almost dead.
The gnoll misses you. The gnoll hits you with a +0 spear.
You punch the gnoll!
You kill the gnoll!
Makhleb accepts your kill.
You feel better. The gnoll closely misses you.
The gnoll hits you with a +0 flail! The gnoll hits you with a +0 halberd.
The gnoll attacks as it pursues you! The gnoll hits you with a +0 flail.
* * * LOW HITPOINT WARNING * * *
You see here a +0 spear.
You punch the gnoll!
You kill the gnoll!
Makhleb accepts your kill.
You feel better. The gnoll hits you with a +0 halberd!
* * * LOW HITPOINT WARNING * * *
The gnoll hits you from afar with a +0 halberd!
You die...

#.#....(..# #>#.(....W#
#.###+++### #.........#
##.........##
####.......##..## ..
#..†.##.######..## $##..
..#####.# ##..# .....
### #.# ##h##...:. #
#.########)#......
#.........gw.##... ###
#................. ..#
#..?..............
..#####.................
........................
..######.....##..#......
### ###.........).###.#


You could see a gnoll and a dart slug.

Vanquished Creatures
  A bombardier beetle (D:4)
  An orc priest (D:3)
  3 orc wizards
  3 gnolls (D:4)
  7 adders
  A dart slug (D:1)
  A ribbon worm (D:4)
  3 orcs
  7 bats
  10 endoplasms
  A giant cockroach (D:1)
  5 hobgoblins
  17 jackals
  8 kobolds
  4 quokkas
  3 ball pythons (D:1)
  8 frilled lizards
  6 goblins
  8 rats
97 creatures vanquished.

Notes
Turn   | Place    | Note
-------+----------+-------------------------------------------
     0 | D:1      | MisterAzrael the Gnoll Shapeshifter began the quest for the
                  | Orb.
     0 | D:1      | Reached XP level 1. HP: 17/17 MP: 1/1
    92 | D:1      | Reached XP level 2. HP: 16/23 MP: 2/2
   376 | D:1      | Reached XP level 3. HP: 27/28 MP: 3/3
   507 | D:1      | Reached skill level 1 in Invocations
   614 | D:1      | Reached skill level 1 in Short Blades
   614 | D:1      | Reached skill level 1 in Long Blades
   614 | D:1      | Reached skill level 1 in Axes
   614 | D:1      | Reached skill level 1 in Maces & Flails
   614 | D:1      | Reached skill level 1 in Polearms
   614 | D:1      | Reached skill level 1 in Staves
   614 | D:1      | Reached skill level 1 in Ranged Weapons
   614 | D:1      | Reached skill level 1 in Throwing
   614 | D:1      | Reached skill level 1 in Armour
   614 | D:1      | Reached skill level 1 in Stealth
   614 | D:1      | Reached skill level 1 in Shields
   614 | D:1      | Reached skill level 1 in Spellcasting
   614 | D:1      | Reached skill level 1 in Evocations
   865 | D:2      | Reached XP level 4. HP: 34/34 MP: 5/5
  1033 | D:2      | Reached skill level 1 in Conjurations
  1033 | D:2      | Reached skill level 1 in Hexes
  1033 | D:2      | Reached skill level 1 in Summonings
  1033 | D:2      | Reached skill level 1 in Necromancy
  1033 | D:2      | Reached skill level 1 in Translocations
  1033 | D:2      | Reached skill level 1 in Fire Magic
  1033 | D:2      | Reached skill level 1 in Ice Magic
  1033 | D:2      | Reached skill level 1 in Air Magic
  1033 | D:2      | Reached skill level 1 in Earth Magic
  1033 | D:2      | Reached skill level 1 in Alchemy
  1241 | D:2      | Found a faded altar of an unknown god.
  1254 | D:2      | Prayed at the altar of an unknown god.
  1254 | D:2      | Became a worshipper of Makhleb the Destroyer
  1254 | D:2      | Reached * piety under Makhleb
  1324 | D:3      | Found a shimmering altar of Xom.
  1324 | D:3      | Found a glowing silver altar of Zin.
  1352 | D:3      | Reached XP level 5. HP: 33/40 MP: 5/7
  1359 | D:3      | Found Lesulon's General Store.
  1431 | D:3      | Found a hide-covered altar of Uskayaw.
  1459 | D:3      | Found a bloodstained altar of Trog.
  1692 | D:3      | Found a runed translucent gate.
  1692 | D:3      | Found a runed translucent gate.
  1692 | D:3      | Found a runed translucent gate.
  1695 | D:3      | Noticed DeathSocks's ghost (amateur GrFi)
  1880 | D:4      | Reached ** piety under Makhleb
  1932 | D:4      | Found a runed translucent gate.
  1932 | D:4      | Noticed bmb222's ghost (amateur DsFi)
  1937 | D:4      | Found a runed translucent gate.
  1941 | D:4      | Reached XP level 6. HP: 43/47 MP: 8/8
  1954 | D:4      | Found a runed translucent gate.
  1980 | D:4      | Reached skill level 5 in Dodging
  2016 | D:4      | HP: 1/47 [gnoll/+0 halberd (14)]
  2017 | D:4      | Mangled by a gnoll

Illustrated notes

Levels and vault maps discovered:
D:1:      giann_wishing_wells, layout_loops_ring, st_stairs_3, minmay_tromino_i4
D:2:      layout_rooms, shapermc_ecumenical_altar_pompeii
D:3:      layout_rooms, grunt_temple_overflow_open, serial_shops, shop,
          biasface_ghost_orc_armoury
D:4:      layout_rooms, lemuel_crystal_altar, ebering_ghost_rock_garden,
          kennysheep_path_1

Skill      XL: |  1  2  3  4  5  6 |
---------------+-------------------+-----
Invocations    | 1 2 |  2.3
Short Blades   | 1 2 |  2.1
Long Blades    | 1 2 |  2.1
Axes           | 1 2 |  2.1
Maces & Flails | 1 2 |  2.1
Polearms       | 1 2 |  2.1
Staves         | 1 2 |  2.1
Ranged Weapons | 1 2 |  2.1
Throwing       | 1 2 |  2.1
Armour         | 1 2 |  2.1
Stealth        | 1 2 |  2.1
Shields        | 1 2 |  2.1
Spellcasting   | 1 2 |  2.1
Evocations     | 1 2 |  2.1
Conjurations   | 1 |  1.6
Hexes          | 1 |  1.6
Summonings     | 1 |  1.6
Necromancy     | 1 |  1.6
Translocations | 1 |  1.6
Fire Magic     | 1 |  1.6
Ice Magic      | 1 |  1.6
Air Magic      | 1 |  1.6
Earth Magic    | 1 |  1.6
Alchemy        | 1 |  1.6
Fighting       | 3 |  3.3
Dodging        | 5 |  5.0
Unarmed Combat | |  6.9
Shapeshifting  | |  6.8

Action                     |  1- 3 |  4- 6 || total
---------------------------+-------+-------++-------
  Melee: Unarmed           |    88 |   106 ||   194
         Bite              |     6 |     3 ||     9
         Punch             |     3 |     5 ||     8
 Invoke: Minor Destruction |       |     4 ||     4
    Use: Scroll            |     2 |       ||     2
   Stab: Sleeping          |       |     4 ||     4
         Distracted        |       |     1 ||     1
 Armour: Animal skin       |    36 |    46 ||    82
  Dodge: Dodged            |    53 |    77 ||   130

Table legend: (Time is in decaauts)
 A = Elapsed time spent in this place.
 B = Non-inter-level travel time spent in this place.
 C = Inter-level travel time spent in this place.
 D = Time resting spent in this place.
 E = Time spent auto-exploring this place.
 F = Levels seen in this place.
 G = Mean time per level.
                   A        B        C        D        E       F      G
               +--------+--------+--------+--------+--------+-----+--------+
         Total |   1991 |   1941 |     50 |     58 |   1361 |   4 |  497.8 |
       Dungeon |   1991 |   1941 |     50 |     58 |   1361 |   4 |  497.8 |
               +--------+--------+--------+--------+--------+-----+--------+

Top non-repeatable levels by time:
     D:1: 851 daAuts
     D:3: 538 daAuts
     D:2: 457 daAuts
     D:4: 144 daAuts
